 Dungeon Crawl Stone Soup version 0.26.0-10-g1f06aea511 (webtiles) character file.

Game seed: 12100197407437612751

63 Dracia the Gusty (level 4, -2/24 HPs)
             Began as a Tengu Air Elementalist on Jan 27, 2021.
             Killed from afar by Sigmund (4 damage)
             ... with a magic dart
             ... on level 2 of the Dungeon.
             The game lasted 00:03:02 (1728 turns).

Dracia the Gusty (Tengu Air Elementalist)           Turns: 1728, Time: 00:03:02

Health: -2/24      AC:  6    Str:  8    XL:     4   Next: 9%
Magic:  2/8        EV: 12    Int: 17    God:
Gold:   24         SH:  0    Dex: 14    Spells: 1/7 levels left

rFire    + . .     SeeInvis .   d - +0 dagger
rCold    . . .     Faith    .   (no shield)
rNeg     . . .     Spirit   .   a - +0 robe
rPois    .         Reflect  .   (helmet restricted)
rElec    .         Harm     .   (no cloak)
rCorr    .         Rampage  .   (no gloves)
Will     .....                  (boots unavailable)
Stlth    +.........             (no amulet)
HPRegen  0.08/turn              b - ring of attention (curse)
MPRegen  0.11/turn              (no ring)

@: no status effects
A: beak, talons 3, iridescent scales 1, thin metallic scales 1, blink, fire
resistance 1
a: Blink


You were on level 2 of the Dungeon.
You visited 1 branch of the dungeon, and saw 2 of its levels.

You collected 24 gold pieces.


Innate Abilities, Weirdness & Mutations

You have a beak for a mouth.
You have claws for feet.
You are partially covered in iridescent scales. (AC +2)
You are partially covered in thin metallic scales. (AC +2)
You can translocate small distances at will.
Your flesh is heat resistant. (rF+)


   Skills:
 - Level 2.1 Dodging
 - Level 2.0 Stealth
 - Level 2.0 Spellcasting
 - Level 1.3 Conjurations
 + Level 6.4 Air Magic


You had one spell level left.
You knew the following spells:

 Your Spells              Type           Power        Failure   Level
i - Swiftness             Air            23%          1%          2
t - Static Discharge      Conj/Air       15%          12%         3
z - Shock                 Conj/Air       60%          4%          1

Your spell library contained the following spells:

 Spells                   Type           Power        Failure   Level
 Airstrike                Air            11%          14%         4
 Lightning Bolt           Conj/Air       7%           73%         5

Inventory:

Hand Weapons
 d - a +0 dagger (weapon)
Armour
 a - a +0 robe (worn)
Jewellery
 b - a cursed ring of attention (left hand)

Dungeon Overview and Level Annotations

Branches:
Dungeon (2/15)

Altars:

Annotations:
D:2 Sigmund

#......####.....#
##......{†.).)...#
#.......####.....#
#..........#.#####
#....)#)##.#.#
#.....#.#.<#.#
#..)..#.#.)#.#
#.....#.#..#.#
#####@#.#..#..
#.#.#### #{#..
#S### #§# #.# #..
##.. .##


You could see an adder.


Message History

Items here: ( ) ††.
You see here a goblin corpse.
There is an open door, spattered with blood here.
A puff of flame appears from out of thin air!
The puff of flame misses you.
Things that are here:
a cursed -2 club; a goblin corpse You are confused.
Unknown command.
You bump into the rock wall.
Unknown command.
You bump into the rock wall.
The adder bites you.
Unknown command.
You bump into the rock wall.
The adder barely misses you. Something hits you but does no damage.
The adder closely misses you.
Unknown command.
You bump into the rock wall.
You feel less confused. The adder misses you. Something hits you!
* * * LOW HITPOINT WARNING * * *
Unknown command.
It was a potion of mutation.
You feel extremely strange.
Thin metallic scales grow over part of your body.
You feel resistant to heat.
You feel jittery.
Iridescent scales grow over part of your body.
The adder closely misses you. The adder completely misses you.
You blink.
A magic dart appears from out of thin air!
The magic dart hits you.
You die...

Skill      XL: |  1  2  3 |
---------------+----------+-----
Air Magic      | 5 6 |  6.4
Dodging        | |  2.1
Stealth        | |  2.0
Spellcasting   | |  2.0
Conjurations   | |  1.3

Action                   |  1- 3 |  4- 6 || total
-------------------------+-------+-------++-------
Melee: Dagger            |    25 |       ||    25
       Kick              |     3 |       ||     3
       Peck              |     2 |       ||     2
       Unarmed           |     1 |       ||     1
 Cast: Shock             |    39 |    11 ||    50
 Abil: Blink             |       |     1 ||     1
  Use: Scroll            |     1 |       ||     1
       Potion            |       |     3 ||     3
Armor: Robe              |     7 |       ||     7
Dodge: Dodged            |    35 |     7 ||    42

Levels and vault maps discovered:
D:1:      wander_arrival_abandoned_jail, layout_rooms, grunt_decor_one_mirror,
          minmay_misc_feat_square
D:2:      layout_basic, grunt_dithmenos_smoke_and_mirrors, uniq_natasha,
          uniq_sigmund, uniq_crazy_yiuf_cottage

Notes
Turn   | Place    | Note
-------+----------+-------------------------------------------
     0 | D:1      | Dracia the Tengu Air Elementalist began the quest for the
                  | Orb.
     0 | D:1      | Reached XP level 1. HP: 10/10 MP: 4/4
   142 | D:1      | Reached XP level 2. HP: 7/15 MP: 0/6
   500 | D:1      | Reached skill level 5 in Air Magic
  1085 | D:2      | Noticed Sigmund
  1095 | D:2      | Reached XP level 3. HP: 13/19 MP: 2/7
  1097 | D:2      | Reached skill level 6 in Air Magic
  1510 | D:1      | Learned a level 2 spell: Swiftness
  1514 | D:1      | Learned a level 3 spell: Static Discharge
  1626 | D:2      | Reached XP level 4. HP: 19/24 MP: 4/8
  1727 | D:2      | Gained mutation: You are partially covered in thin metallic
                  | scales. (AC +2) [potion of mutation]
  1727 | D:2      | Gained mutation: Your flesh is heat resistant. (rF+)
                  | [potion of mutation]
  1727 | D:2      | Gained mutation: You can translocate small distances at
                  | will. [potion of mutation]
  1727 | D:2      | Gained mutation: You are partially covered in iridescent
                  | scales. (AC +2) [potion of mutation]
  1728 | D:2      | Killed from afar by Sigmund

Vanquished Creatures
  3 adders (D:2)
  2 dart slugs
  A ball python (D:1)
  A bat (D:1)
  2 hobgoblins (D:2)
  2 jackals (D:1)
  A quokka (D:2)
  3 frilled lizards (D:1)
  4 goblins
  6 kobolds
  7 rats
32 creatures vanquished.

Table legend: (Time is in decaauts)
 A = Elapsed time spent in this place.
 B = Non-inter-level travel time spent in this place.
 C = Inter-level travel time spent in this place.
 D = Time resting spent in this place.
 E = Time spent auto-exploring this place.
 F = Levels seen in this place.
 G = Mean time per level.
                   A        B        C        D        E       F      G
               +--------+--------+--------+--------+--------+-----+--------+
         Total |   1727 |   1666 |     61 |    402 |   1072 |   2 |  863.5 |
       Dungeon |   1727 |   1666 |     61 |    402 |   1072 |   2 |  863.5 |
               +--------+--------+--------+--------+--------+-----+--------+

Top non-repeatable levels by time:
     D:1: 1547 daAuts
     D:2: 180 daAuts

Table legend:
 A = Non-vault XP
 B = Vault XP
 C = Vault XP percentage of total XP
 D = Non-vault monster count
 E = Vault monster count
 F = Vault count percentage of total count
                 A         B        C        D         E       F
            +---------+---------+-------+---------+---------+-------
      Total |      90 |       0 |   0.0 |      32 |       0 |   0.0
            +---------+---------+-------+---------+---------+-------
        D:1 |      28 |       0 |   0.0 |      19 |       0 |   0.0
        D:2 |      62 |       0 |   0.0 |      13 |       0 |   0.0
            +---------+---------+-------+---------+---------+-------
